 Dungeon Crawl Stone Soup version 0.26.0-10-g1f06aea511 (webtiles) character file.

Game seed: 5101208276727100454

3866 MisterFreud the Blocker (level 9, -5/89 HPs)
             Began as a Troll Monk on Jan 14, 2021.
             Slain by a hornet (13 damage)
             ... while paralysed by a hornet
             ... on level 9 of the Dungeon.
             The game lasted 00:05:46 (5443 turns).

MisterFreud the Blocker (Troll Monk)                Turns: 5443, Time: 00:05:47

Health: -5/89      AC:  6    Str: 24    XL:     9   Next: 99%
Magic:  8/8        EV:  1    Int:  6    God:
Gold:   387        SH:  0    Dex: 18    Spells: 8/8 levels left

rFire    . . .     SeeInvis .     - Unarmed
rCold    . . .     Faith    .   p - +0 kite shield
rNeg     . . .     Spirit   .   a - +0 robe
rPois    .         Reflect  .   (helmet restricted)
rElec    .         Harm     .   (no cloak)
rCorr    .         Rampage  .   (gloves unavailable)
Will     .....                  (boots unavailable)
Stlth    ++........             s - amulet of magic regeneration
HPRegen  0.64/turn              l - +6 ring of dexterity
MPRegen  0.36/turn              (no ring)

@: paralysed, slowed
A: large, unfitting armour, claws 3, regeneration 1, shaggy fur 1, tough skin 3
a: no special abilities


You were on level 9 of the Dungeon.
You visited 2 branches of the dungeon, and saw 10 of its levels.

You collected 387 gold pieces.

Inventory:

Hand Weapons
 A - a +3 scimitar of flaming
Missiles
 t - 7 boomerangs (quivered)
 x - 4 large rocks
Armour
 a - a +0 robe (worn)
 p - a +0 kite shield (worn)
Jewellery
 l - a +6 ring of dexterity (left claw)
 s - an amulet of magic regeneration (around neck)
 v - an uncursed amulet of guardian spirit {unknown}
 y - an uncursed ring of resist corrosion {unknown}
Wands
 k - a wand of random effects (15)
 w - a wand of flame (25)
 z - a wand of digging (3)
 B - a wand of enslavement (9)
Scrolls
 c - 4 scrolls of teleportation {unknown}
 e - 4 scrolls of magic mapping {unknown}
 f - 11 scrolls of identify {unknown}
 i - 3 scrolls of remove curse {unknown}
 j - 2 scrolls of enchant armour {unknown}
 n - a scroll of fog {unknown}
 u - a scroll of immolation {unknown}
Potions
 b - 4 potions of curing {unknown}
 d - 4 potions of lignification {unknown}
 g - a potion of invisibility {unknown}
 h - a potion of ambrosia {unknown}
 m - 4 potions of brilliance {unknown}
 o - 4 potions of might {unknown}
 q - 2 potions of resistance {unknown}
 r - 2 potions of mutation {unknown}


   Skills:
 - Level 6.0 Fighting
 - Level 2.4 Dodging
 - Level 1.0 Stealth
 + Level 8.8 Shields
 - Level 8.0 Unarmed Combat


You had 8 spell levels left.
You didn't know any spells.
Your spell library contained the following spells:

 Spells                   Type           Power        Failure   Level
 Corona                   Hex            0%           45%         1
 Ensorcelled Hibernation  Hex/Ice        0%           58%         2
 Confusing Touch          Hex            0%           83%         3
 Dazzling Flash           Conj/Hex       0%           83%         3
 Tukima's Dance           Hex            0%           83%         3


Dungeon Overview and Level Annotations

Branches:
Dungeon (9/15)             Temple (1/1) D:5
   Lair: D:8-11         Orc: D:9-12

Altars:
Ashenzari
Elyvilon
Kikubaaqudgha
Makhleb
Sif Muna
Trog
Wu Jian
Xom
Yredelemnul
Zin

Shops:
D:9 }

Annotations:
D:6 2 runed translucent doors


Innate Abilities, Weirdness & Mutations

You are too large for most types of armour.
You have claws for hands.
Your natural rate of healing is unusually fast.
You are covered in fur. (AC +1)
You have extremely tough skin. (AC +3)


Message History

The freezing wraith is lightly damaged.
The freezing wraith hits you! The freezing wraith freezes you!!
The freezing wraith hits you. The freezing wraith drains your vigour!
You feel as though you will be slow longer.
You block the hornet's attack.
You are too injured to fight recklessly!
You block the hornet's attack. You block the hornet's attack.
The hornet stings you.
You suddenly lose the ability to move!
The hornet stings you!
* * * LOW HITPOINT WARNING * * *
You shrug off the repeated paralysis!
The hornet stings you!
* * * LOW HITPOINT WARNING * * *
You feel as though you will be slow longer.
The hornet stings you.
* * * LOW HITPOINT WARNING * * *
You feel as though you will be slow longer.
The hornet stings you!
You die...

.....#.#...#
###+#...#.....#
...+...+.....#
.#.#######.#...#.##..####
.......)..((..).........#
..#####.#########.#####.#
#.........# #...## #.#
#.#+###'#.###.###.###.#
#.....#.##@##.##.##.#
###+###.#y##)=)##.#.#
+..#.W[8|.##..#
#.#.##}:)##.#.#
#.##.##.##.##.# +# #.#
#.###.###.. ... ..#
#...## #..# ##.#
#######.#####..# .# #...#
#.........#..#


You could see a hornet.

Vanquished Creatures
  Erica (D:8)
  Joseph (D:8)
  Maggie (D:7)
  Menkaure (D:7)
  A sky beast (D:5)
  2 ice beasts (D:9)
  A black bear (D:7)
  An ogre (D:4)
  A phantom (D:8)
  5 centaurs
  2 big kobolds
  Blork the orc (D:5)
  3 bullfrogs
  A wyvern skeleton (D:8)
  3 scorpions
  A howler monkey (D:4)
  A centaur zombie (D:8)
  3 hounds
  A centaur skeleton (D:8)
  4 orc priests
  4 jellies
  8 orc wizards
  An iguana (D:8)
  4 worker ants
  A hound zombie (D:9)
  A howler monkey zombie (D:8)
  8 adders
  A shadow imp (D:6)
  An ufetubus (D:8)
  An ooze (D:3)
  An adder skeleton (D:7)
  2 worms
  A dart slug (D:3)
  4 leopard geckos
  25 orcs
  4 bats
  9 giant cockroaches
  9 hobgoblins
  8 jackals
  12 kobolds
  2 quokkas
  7 frilled lizards
  3 goblins
  A quokka skeleton (D:8)
  10 rats
163 creatures vanquished.

Notes
Turn   | Place    | Note
-------+----------+-------------------------------------------
     0 | D:1      | MisterFreud the Troll Monk began the quest for the Orb.
     0 | D:1      | Reached XP level 1. HP: 22/22 MP: 0/0
    99 | D:1      | Reached XP level 2. HP: 29/29 MP: 1/1
   163 | D:1      | Found a broken altar of Ashenzari.
   603 | D:2      | Reached XP level 3. HP: 21/36 MP: 2/2
   864 | D:2      | Found a shimmering altar of Xom.
  1403 | D:3      | Reached XP level 4. HP: 35/44 MP: 3/3
  1411 | D:3      | Reached skill level 5 in Unarmed Combat
  1645 | D:3      | Reached XP level 5. HP: 46/50 MP: 4/4
  1858 | D:3      | Found an ornate altar of the Wu Jian Council.
  1858 | D:3      | Found an ancient bone altar of Kikubaaqudgha.
  2279 | D:4      | Reached XP level 6. HP: 43/59 MP: 5/5
  2704 | D:5      | Entered Level 5 of the Dungeon
  2759 | D:5      | Noticed a sky beast
  2772 | D:5      | Killed a sky beast
  2859 | D:5      | Reached XP level 7. HP: 66/66 MP: 6/6
  2895 | D:5      | Found a basalt altar of Yredelemnul.
  3119 | D:5      | Noticed Blork the orc
  3138 | D:5      | Killed Blork the orc
  3139 | D:5      | Reached skill level 1 in Shields
  3205 | D:5      | Found a white marble altar of Elyvilon.
  3319 | D:5      | Found the +10 tower shield of Ignorance {rN+ Int-4}
  3319 | D:5      | Found a glowing silver altar of Zin.
  3422 | D:5      | Found a staircase to the Ecumenical Temple.
  3428 | Temple   | Entered the Ecumenical Temple
  3547 | D:6      | Found a broken altar of Ashenzari.
  3819 | D:6      | Reached XP level 8. HP: 75/79 MP: 7/7
  3902 | D:6      | Found a runed translucent door.
  3903 | D:6      | Found a runed translucent door.
  4091 | D:7      | Noticed Menkaure
  4100 | D:7      | Killed Menkaure
  4101 | D:7      | Reached skill level 5 in Fighting
  4153 | D:7      | Noticed Maggie
  4164 | D:7      | Killed Maggie
  4187 | D:7      | Found a bloodstained altar of Trog.
  4601 | D:8      | Found a burning altar of Makhleb.
  4639 | D:8      | Noticed Joseph
  4662 | D:8      | Killed Joseph
  4663 | D:8      | Reached skill level 5 in Shields
  4663 | D:8      | Reached XP level 9. HP: 65/89 MP: 8/8
  5037 | D:8      | Found a shimmering blue altar of Sif Muna.
  5126 | D:8      | Noticed Erica
  5138 | D:8      | Killed Erica
  5225 | D:9      | Found Aphozirr's Gadget Shoppe.
  5324 | D:9      | Found a bloodstained altar of Trog.
  5435 | D:9      | Noticed a freezing wraith
  5441 | D:9      | Paralysed by a hornet for 3 turns
  5443 | D:9      | Slain by a hornet

Illustrated notes

Levels and vault maps discovered:
D:1:      amcnicky_arrival_choice, layout_rooms, minmay_misc_feat_square,
          amethyst_killhole, minmay_misc_feat_five, evilmike_ruin_ashenzari
D:2:      layout_loops_ring, old_standard_altar, roderic_lattice_a,
          minmay_circled_x
D:3:      layout_loops_ring, gammafunk_temple_overflow_statue, minivault_25
D:4:      layout_cave_pods
D:5:      layout_cave_pools, overflow_temple_1_default, elyvilon_altar_5,
          overflow_temple_1_default, minmay_temple_entry_fiery,
          uniq_blork_the_orc
D:6:      lemuel_insect_pit, layout_cave_pools, marbit_many_paths
D:7:      layout_rooms, bloody_trog, uniq_maggie, uniq_menkaure
D:8:      layout_rooms, lemuel_doored_altar, general_overflow_altar, uniq_erica,
          uniq_joseph
D:9:      layout_stronghold, basic_altar, serial_shops, shop,
          minmay_the_grid_2x2 [minmay_the_grid_minigrid_large,
          minmay_the_grid_outer_diamond, minmay_the_grid_doors,
          minmay_the_grid_prize_diamond_cup]
Temple:   minmay_temple_bridge_abc

Skill      XL: |  1  2  3  4  5  6  7  8  9 |
---------------+----------------------------+-----
Unarmed Combat | 4 5 7 8 |  8.0
Fighting       | 4 6 |  6.0
Shields        | 2 5 8 |  8.8
Dodging        | |  2.4
Stealth        | |  1.0

Action                   |  1- 3 |  4- 6 |  7- 9 || total
-------------------------+-------+-------+-------++-------
Melee: Unarmed           |    84 |   110 |   241 ||   435
       Punch             |       |     5 |     1 ||     6
 Stab: Sleeping          |     3 |     6 |     5 ||    14
       Distracted        |       |       |     1 ||     1
Armor: Robe              |    26 |    28 |    40 ||    94
Dodge: Dodged            |    46 |    54 |    56 ||   156
Block: Kite shield       |       |       |   102 ||   102
